 Dungeon Crawl Stone Soup version 0.22.0-6-g71bd7aa (webtiles) character file.

111 Amnesiac the Magician (level 4, 0/30 HPs)
             Began as a Mummy Air Elementalist on Aug 15, 2018.
             Slain by a slave (4 damage)
             ... led by Pikel
             ... on level 3 of the Dungeon.
             The game lasted 00:03:31 (1345 turns).

Amnesiac the Magician (Mummy Air Elementalist)      Turns: 1345, Time: 00:03:32

Health: 0/30       AC:  2    Str: 11    XL:     4   Next: 62%
Magic:  3/10       EV: 12    Int: 15    God:
Gold:   60         SH:  0    Dex: 12    Spells: 4/11 levels left

rFire    x . .     SeeInvis .   b - +0 short sword
rCold    + . .     Gourm    .   (no shield)
rNeg     + + +     Faith    .   a - +0 robe
rPois    ∞         Spirit   .   (no helmet)
rElec    .         Reflect  .   (no cloak)
rCorr    .         Harm     .   (no gloves)
MR       .....                  (no boots)
Stlth    ++........             (no amulet)
HPRegen  0.10/turn              (no ring)
MPRegen  0.12/turn              (no ring)

@: no status effects
A: no food or potions, fire vulnerability, cold resistance 1, negative energy
resistance 3, torment resistance, unbreathing
a: no special abilities


You were on level 3 of the Dungeon.
You were not hungry.

You visited 1 branch of the dungeon, and saw 4 of its levels.

You collected 60 gold pieces.

Inventory:

Hand Weapons
 b - a +0 short sword (weapon)
 d - a +0 halberd
Armour
 a - a +0 robe (worn)
Scrolls
 c - 2 scrolls of teleportation {!r, unknown}
 e - a scroll of remove curse {!r, unknown}


   Skills:
 - Level 1.5 Dodging
 - Level 1.5 Stealth
 + Level 4.0 Spellcasting
 - Level 0.7 Conjurations
 * Level 4.0 Air Magic


You had 4 spell levels left.
You knew the following spells:

 Your Spells              Type           Power        Failure   Level  Hunger
a - Shock                 Conj/Air       ##..         7%          1    N/A
d - Airstrike             Air            ###.......   34%         4    N/A
z - Swiftness             Chrm/Air       #.......     12%         2    N/A

Your spell library contained the following spells:

 Spells                   Type           Power        Failure   Level  Hunger
 Lightning Bolt           Conj/Air       ##........   88%         5    N/A
 Static Discharge         Conj/Air       ##......     21%         3    N/A

Dungeon Overview and Level Annotations

Branches:
Dungeon (4/15)
 Temple: D:4-7

Altars:

Annotations:
D:2 Jessica


Innate Abilities, Weirdness & Mutations

You do not eat or drink.
Your flesh is vulnerable to fire.
You are immune to poison.
Your flesh is cold resistant. (rC+)
You are immune to negative energy. (rN+++)
You are immune to unholy pain and torment.
You can survive without breathing.


Message History

The slave closely misses you.
You climb upwards.
There is a stone staircase leading down here.
Casting: Shock (safe; 7% risk of failure)
Confirm with . or Enter, or press ? or * to list all spells.
Aiming: Shock (safe; 7% risk of failure)
Press: ? - help, Shift-Dir - straight line, f - slave
Aim: a slave, wearing an animal skin The zap hits the slave.
The slave is lightly wounded.
The zap misses the slave.
The slave hits you.
Casting: Shock (safe; 7% risk of failure)
Confirm with . or Enter, or press ? or * to list all spells.
Aiming: Shock (safe; 7% risk of failure)
Press: ? - help, Shift-Dir - straight line, f/p - slave
Aim: a slave, wearing an animal skin (lightly wounded)
The zap misses the slave.
The zap hits the slave.
The slave is lightly wounded.
The slave hits you!
* * * LOW HITPOINT WARNING * * *
Casting: Shock (safe; 7% risk of failure)
Confirm with . or Enter, or press ? or * to list all spells.
Aiming: Shock (safe; 7% risk of failure)
Press: ? - help, Shift-Dir - straight line, f/p - slave
Aim: a slave, wearing an animal skin (lightly wounded)
The zap misses the slave. x2; The slave hits you.
* * * LOW HITPOINT WARNING * * *
Casting: Shock (safe; 7% risk of failure)
Confirm with . or Enter, or press ? or * to list all spells.
Aiming: Shock (safe; 7% risk of failure)
Press: ? - help, Shift-Dir - straight line, f/p - slave
Aim: a slave, wearing an animal skin (lightly wounded)
The zap hits the slave.
The slave is moderately wounded.
The zap hits the slave.
The slave is moderately wounded.
The slave closely misses you.
Casting: Shock (safe; 7% risk of failure)
Confirm with . or Enter, or press ? or * to list all spells.
Aiming: Shock (safe; 7% risk of failure)
Press: ? - help, Shift-Dir - straight line, f/p - slave
Aim: a slave, wearing an animal skin (moderately wounded)
The zap misses the slave.
The zap hits the slave.
The slave is heavily wounded.
The slave hits you but does no damage.
Casting: Shock (safe; 7% risk of failure)
Confirm with . or Enter, or press ? or * to list all spells.
Aiming: Shock (safe; 7% risk of failure)
Press: ? - help, Shift-Dir - straight line, f/p - slave
Aim: a slave, wearing an animal skin (heavily wounded)
The zap misses the slave. x2; The slave hits you.
* * * LOW HITPOINT WARNING * * *
Unknown command.
Casting: Shock (safe; 7% risk of failure)
Confirm with . or Enter, or press ? or * to list all spells.
Aiming: Shock (safe; 7% risk of failure)
Press: ? - help, Shift-Dir - straight line, f/p - slave
Aim: a slave, wearing an animal skin (moderately wounded)
The zap hits the slave.
The slave is heavily wounded.
The zap hits the slave.
The slave is severely wounded.
The slave hits you.
You die...

#########
####.@.....#
#....p.....##
#...........###
#.......>......
##..###)####.##
##. #.# #. #)#
#.###)#
#%#...##


You could see a slave.

Vanquished Creatures
  A worker ant (D:3)
  4 gnolls (D:3)
  2 adders (D:3)
  A worm (D:3)
  A dart slug (D:2)
  An orc (D:3)
  A giant cockroach (D:3)
  2 goblins (D:1)
  5 hobgoblins
  A kobold (D:1)
  A quokka (D:4)
  A ball python (D:2)
  3 bats
  2 frilled lizards
  3 rats
29 creatures vanquished.

Notes
Turn   | Place    | Note
-------+----------+-------------------------------------------
     0 | D:1      | Amnesiac the Mummy Air Elementalist began the quest for the Orb.
     0 | D:1      | Reached XP level 1. HP: 13/13 MP: 4/4
   151 | D:2      | Noticed Jessica
   196 | D:1      | Reached XP level 2. HP: 4/19 MP: 0/5
   201 | D:1      | Learned a level 2 spell: Swiftness
   682 | D:3      | Reached XP level 3. HP: 24/24 MP: 1/7
   990 | D:3      | Reached XP level 4. HP: 12/30 MP: 0/9
   996 | D:3      | Learned a level 4 spell: Airstrike
  1148 | D:4      | Noticed a slave
  1151 | D:4      | Noticed a slave
  1336 | D:4      | Noticed a slave
  1345 | D:3      | Slain by a slave

Skill      XL: |  1  2  3  4 |
---------------+-------------+-----
Air Magic      | 3 4 |  4.0
Spellcasting   | 3 4 |  4.0
Dodging        | |  1.5
Stealth        | |  1.5
Conjurations   | |  0.7

Action                   |  1- 3 |  4- 6 || total
-------------------------+-------+-------++-------
Melee: Short sword       |    12 |       ||    12
 Cast: Shock             |    55 |    17 ||    72
 Stab: Sleeping          |     1 |       ||     1
Armor: Robe              |     4 |     1 ||     5
Dodge: Dodged            |    21 |     5 ||    26
